 Dungeon Crawl Stone Soup version 0.15.2 (webtiles) character file.

65 glosham the Cudgeler (level 4, 43/44 HPs)
             Began as an Ogre Arcane Marksman on Apr 8, 2017.
             Was an Initiate of Trog (penitent).
             Quit the game on Level 4 of the Dungeon.
             The game lasted 00:10:51 (662 turns).

glosham the Cudgeler (Ogre Arcane Marksman)          Turns: 662, Time: 00:10:52

HP  43/44        AC  3     Str 16      XL: 4   Next: 14%
MP   5/6         EV 10     Int 12      God: *Trog
Gold 79          SH  0     Dex 10      Spells:  1 memorised,  4 levels left

rFire  . . .     SeeInvis .     a - +0 mace
rCold  . . .     Clarity  .     e - +0 robe
rNeg   . . .     rCorr    .     (shield restricted)
rPois  .         rRot     .     (helmet restricted)
rElec  .         Spirit   .     (no cloak)
SustAb .         Warding  .     (gloves unavailable)
rMut   +         Stasis   .     (boots unavailable)
Gourm  .                        z - amulet of resist mutation
MR     .....                    (no ring)
                                (no ring)

@: not resistant to hostile enchantments, very unstealthy
A: unfitting armour, tough skin 1
a: Burn Spellbooks, Renounce Religion


You were on level 4 of the Dungeon.
You worshipped Trog.
Trog was demanding penance.
You were not hungry.

You visited 2 branches of the dungeon, and saw 5 of its levels.

You collected 79 gold pieces.

Inventory:

Hand weapons
 a - a +0 mace (weapon)
 b - a +0 whip
Missiles
 c - 2 throwing nets
 g - 66 stones
 i - 4 large rocks (quivered)
Armour
 e - a +0 robe (worn)
Comestibles
 f - a meat ration
 j - a rotting chunk of adder flesh
 k - a bread ration
Jewellery
 z - an amulet of resist mutation (around neck)
Books
 d - a book of Debilitation

   Spells                             Type                      Level
   *Corona                            Hexes                        1
   Slow                               Hexes                        2
   Inner Flame                        Hexes/Fire                   3
   Enslavement                        Hexes                        4
   Cause Fear                         Hexes                        4
   Leda's Liquefaction                Hexes/Earth                  4
   Trog disapproves of the use of such an item.
 h - a book of Flames

   Spells                             Type                      Level
   Flame Tongue                       Conjuration/Fire             1
   Throw Flame                        Conjuration/Fire             2
   Conjure Flame                      Conjuration/Fire             3
   Inner Flame                        Hexes/Fire                   3
   Sticky Flame                       Conjuration/Fire             4
   Fireball                           Conjuration/Fire             5
   Trog disapproves of the use of such an item.
 l - a book of Necromancy

   Spells                             Type                      Level
   Pain                               Necromancy                   1
   Animate Skeleton                   Necromancy                   1
   Vampiric Draining                  Necromancy                   3
   Regeneration                       Charms/Necromancy            3
   Animate Dead                       Necromancy                   4
   Control Undead                     Necromancy                   4
   Trog disapproves of the use of such an item.


   Skills:
 + Level 2.8 Fighting
 * Level 4.0 Maces & Flails
 - Level 2.1 Throwing
 - Level 1.7 Dodging
 - Level 1.2 Spellcasting
 - Level 2.1 Hexes


You had 4 spell levels left.
You knew the following spells:

 Your Spells              Type           Power        Failure   Level  Hunger
c - Corona                Hex            #......      14%         1    ##.....


Dungeon Overview and Level Annotations

Branches:
Dungeon (4/15)             Temple (1/1) D:4

Altars:
Sif Muna
Trog
Vehumet
The Shining One


Innate Abilities, Weirdness & Mutations

You are too large for most types of armour.
You have tough skin (AC +1).


Message History

g - 64 stones (gained 1)
You see here a stone.
g - 65 stones (gained 1)
You feel sick.
You see here a stone.
g - 66 stones (gained 1)
You feel sick.
You feel sick.
You are no longer poisoned.
Found a staircase to the Ecumenical Temple.
There is a staircase to the Ecumenical Temple here.
You climb downwards.
Welcome to the Ecumenical Temple!
There is a staircase back to the Dungeon here.
Found two altars.
Found a radiant altar of Vehumet and a bloodstained altar of Trog.
There is a bloodstained altar of Trog here.
You kneel at the altar of Trog.
Trog welcomes you!
You can now call upon Trog to burn spellbooks in your surroundings.
There is a staircase back to the Dungeon here.
Magic restored.
You climb upwards.
Welcome back to the Dungeon!
There is a staircase to the Ecumenical Temple here.
Search for what [? for help]? corps
There is a stone staircase leading down here.
You see here a rat corpse.
You offer a prayer to Trog.
The rat corpse is slowly consumed by flames.
Trog is noncommittal.
A jackal comes into view.
The jackal barks!
A jackal comes into view.
Casting: Corona
Confirm with . or Enter, or press ? or * to list all spells.
Aiming: Corona
Press: ? - help, Shift-Dir - straight line, f - jackal
Aim: a jackal The jackal is outlined in light.
You feel guilty. "You will pay for your transgression, mortal!"
Are you sure you want to abandon this character and quit the game? (Confirm with "yes".)

..#.#.#.####.#
####.#.#.####.#
......#.#...>..#
#...####### # . #...# ..
... #...# .###
#>.####...##### .....
.#.............##.......
#...............@....hh..
##.............##.......
.....####...##### .....
... #...# ..... #...#
..... #...# #.##
##.####### #.#
#.###...###.#
#####.##.....##.#


You could see 2 jackals.

Vanquished Creatures
  A worker ant (D:4)
  3 adders (D:4)
  A giant gecko (D:1)
  2 bats (D:4)
  A goblin (D:1)
  A hobgoblin (D:4)
  A kobold (D:4)
  A giant newt (D:4)
  2 rats
13 creatures vanquished.

Notes
Turn   | Place    | Note
--------------------------------------------------------------
     0 | D:1      | glosham, the Ogre Arcane Marksman, began the quest for the Orb.
     0 | D:1      | Reached XP level 1. HP: 19/19 MP: 2/2
    88 | D:1      | Reached skill level 1 in Maces & Flails
   197 | D:4      | Noticed a worker ant
   202 | D:4      | Killed a worker ant
   202 | D:4      | Reached skill level 2 in Fighting
   202 | D:4      | Reached skill level 3 in Maces & Flails
   202 | D:4      | Reached XP level 2. HP: 25/29 MP: 3/3
   202 | D:4      | Reached XP level 3. HP: 31/36 MP: 4/4
   573 | D:4      | Reached XP level 4. HP: 37/44 MP: 1/6
   577 | D:4      | Reached skill level 4 in Maces & Flails
   592 | D:4      | Found a staircase to the Ecumenical Temple.
   598 | Temple   | Entered the Ecumenical Temple
   615 | Temple   | Became a worshipper of Trog the Wrathful
   661 | D:4      | Was placed under penance by Trog
   662 | D:4      | Quit the game

Action                   |  1- 3 |  4- 6 || total
-------------------------+-------+-------++-------
Melee: Whip              |    15 |       ||    15
       Mace              |    23 |     3 ||    26
Throw: Large rock        |     3 |       ||     3
       Throwing net      |     1 |       ||     1
 Cast: Corona            |    16 |     2 ||    18

Table legend:
 A = Turns spent in this place as a percentage of turns spent in the entire game.
 B = Non-inter-level travel turns spent in this place as a percentage of non-inter-level travel turns spent in the entire game.
 C = Inter-level travel turns spent in this place as a percentage of turns spent in this place.
 D = Turns resting spent in this place as a percentage of non-inter-level travel turns spent in this place.
 E = Turns spent auto-exploring this place as a percentage of non-inter-level travel turns spent in this place.
 F = Non-inter-level travel turns spent in this place divided by the number of levels of this place that you've seen.
                   A       B       C       D       E      F
               +-------+-------+-------+-------+-------+----------------------
         Total | 100.0 | 100.0 |   0.4 |   0.0 |   0.0 |  99.8
       Dungeon |  93.8 |  93.8 |   0.4 |   0.0 |   0.0 | 117.0
        Temple |   6.2 |   6.2 |   0.0 |   0.0 |   0.0 |  31.0
               +-------+-------+-------+-------+-------+----------------------

Table legend:
 A = Kills in this place as a percentage of kills in entire the game.
 B = Kills by you in this place as a percentage of kills by you in the entire game.
 C = Kills by friends in this place as a percentage of kills by friends in the entire game.
 D = Other kills in this place as a percentage of other kills in the entire game.
 E = Experience gained in this place as a percentage of experience gained in the entire game.
 F = Experience gained in this place divided by the number of levels of this place that you have seen.
                   A       B       C       D       E      F
               +-------+-------+-------+-------+-------+----------------------
         Total | 100.0 | 100.0 |  -nan |  -nan | 100.0 |  18.8
       Dungeon | 100.0 | 100.0 |  -nan |  -nan | 100.0 |  23.5
               +-------+-------+-------+-------+-------+----------------------

Vault maps used:
D:1:      matt_arrival_spirals, minmay_misc_feat_x, minmay_misc_feat_nine_boxes,
          dk_noncrumbling_4, feat_on_display
D:2:      uniq_iyjb
D:3:      first_bread
D:4:      minmay_temple_entry_grid, mrwooster_statue_mirror, uniq_grinder
Temple:   zaba_magenta_temple_8
